Unix NetHack Version 3.7.0-66 Work-in-progress - last build Oct 24 2022 02:09:04 (0cf9ee0665dfd4e3628fd2b6ead320895a4d4695,branch:master). Game began 2022-10-28 16:53:54, ended 2022-10-28 17:42:11. torpedovariant, chaotic female human Barbarian ------------------------ |......................| |..-------------------.| ----.| ----- |.| |..|.-- --...| |.| |.....|--|....| |.| |.....|..|....| |.| --....|.....0-- |.| |..%....|...| ------|.| |....|..|..[| --|iaeq0|.| |....---|...| |.+eFi@.|.| |.......|..-- |-|hvBS.|.| ----.0..|.-- |.+aMd..-.| ---.--.| |-|ara%.|-- |.....| |.+ie@en| |>.|..| --|ibo$:| ------- ------- Torpedovariant the Bandit St:18 Dx:19 Co:18 In:7 Wi:8 Ch:6 Chaotic Dlvl:2 $:139 HP:0(76) Pw:17(16) AC:-9 Exp:8 T:5872 Latest messages: You stop waiting. You kill the newt! You climb up the stairs. What do you want to use or apply? [abefkstw or ?*] You put an uncursed +0 battle-axe into the bag called holding. What do you want to adjust? [befkqstwB-FQ or ?*] Adjust letter to what [acdg-jl-pru-zAG-PR-Z] (? see used letters)? Moving: a - an uncursed battle-axe named Cleaver (weapon in hands). You kill the jaguar! You see here a jaguar corpse. You kill the rothe! $ - 18 gold pieces. L - a copper wand. $ - 34 gold pieces (52 in total). You see here a cursed club. $ - 41 gold pieces (93 in total). $ - 46 gold pieces (139 in total). You smite the floating eye! You are frozen by the floating eye's gaze! The wumpus bites! The wumpus bites! The wumpus bites! The wumpus bites! The wumpus bites! The wumpus bites! The wumpus bites! The wumpus bites! A snake was hidden under a cursed club! The snake bites! The wumpus misses! The snake bites! The wumpus bites! The snake bites! The snake just misses! The snake bites! The wumpus bites! The snake bites! The snake misses! The snake bites! The snake bites! The snake bites! The snake bites! The snake bites! The snake misses! The snake bites! The snake bites! The snake bites! The snake bites! You die... Do you want your possessions identified? [ynq] (y) Inventory: Coins $ - 139 gold pieces Weapons a - the uncursed rustproof +0 Cleaver (weapon in hands) q - 2 uncursed poisoned +0 darts Q - 3 uncursed +0 darts (at the ready) Armor B - an uncursed +5 dwarvish mithril-coat (being worn) C - an uncursed +0 elven cloak (being worn) D - an uncursed +0 pair of speed boots (being worn) E - an uncursed rotted +1 pair of gauntlets of dexterity (being worn) F - a blessed +3 dwarvish iron helm (being worn) Wands L - an uncursed wand of magic missile (0:7) Tools b - an uncursed bag of holding containing 48 items e - an uncursed stethoscope f - an uncursed magic whistle k - an uncursed skeleton key s - an uncursed oilskin sack named cancellation containing 1 item t - an uncursed blindfold Contents of the bag of holding: 950 gold pieces an uncursed +0 axe an uncursed +0 battle-axe an uncursed +0 pair of water walking boots an uncursed cram ration 5 uncursed food rations 7 uncursed food rations an uncursed orange an uncursed pancake an uncursed tripe ration 2 uncursed tripe rations 2 uncursed tins of ogre meat an uncursed tin of gnome leader meat an uncursed scroll of confuse monster 2 uncursed scrolls of earth an uncursed potion of see invisible an uncursed potion of healing an uncursed potion of object detection an uncursed ring of searching an uncursed ring of conflict a cursed ring of teleportation an uncursed ring of sustain ability an uncursed wand of nothing (0:3) an uncursed wand of slow monster (0:5) an uncursed wand of slow monster (0:6) an uncursed wand of fire (0:3) an uncursed wand of light (0:13) an uncursed tallow candle an uncursed mirror an uncursed magic marker (0:36) an uncursed magic whistle an uncursed oil lamp an uncursed oil lamp an uncursed +0 pick-axe an uncursed skeleton key an uncursed stethoscope an uncursed +0 unicorn horn an uncursed +0 unicorn horn an uncursed topaz stone 3 uncursed worthless pieces of blue glass 2 uncursed worthless pieces of blue glass an uncursed turquoise stone 2 uncursed worthless pieces of green glass an uncursed fluorite stone an uncursed worthless piece of orange glass 2 uncursed worthless pieces of red glass an uncursed worthless piece of violet glass an uncursed worthless piece of yellow glass Contents of the oilskin sack named cancellation: an uncursed wand of cancellation (0:5) Torpedovariant the Barbarian's attributes: Background: You were a Bandit, a level 8 female human Barbarian. You were chaotic, on a mission for Set who was opposed by Mitra (lawful) and Crom (neutral). You were in Sokoban, on level 2. You entered the dungeon 5872 turns ago. You had 2006 experience points, 554 more were needed to attain level 9. Basics: You had 0 out of 76 hit points. You had 17 out of 16 energy points (spell power). Your armor class was -9. Your wallet contained 139 zorkmids, and you had 950 more stashed away in your pack. Autopickup was on for '$!?/"=' plus thrown, with exceptions. Final Characteristics: Your strength was 18 (peak:18/01, limit:18/100). Your dexterity was 19 (base:18, innate limit:18). Your constitution was 18 (limit:18). Your intelligence was 7 (limit:18). Your wisdom was 8 (limit:18). Your charisma was 6 (limit:18). Final Status: You were not hungry. You were unencumbered. You were wielding an axe. You were skilled in axe and could have enhanced that. Final Attributes: You were piously aligned. You were poison resistant. You were telepathic. You were stealthy. You were guarded. You were very fast. You are dead. Miscellaneous: You never encountered a bones level. Total elapsed playing time was 48 minutes and 16 seconds. Major events: Turn 1: torpedovariant the chaotic female human Barbarian entered the dungeon 548: attained the rank of Pillager (level 3) 1065: entered the Gnomish Mines 1764: attained the rank of Bandit (level 6) 2350: reached Mine Town 2524: was bestowed with Cleaver by Set 3964: entered Sokoban 4169: completed 1st Sokoban level 4555: completed 2nd Sokoban level 4918: completed 3rd Sokoban level 5513: completed 4th Sokoban level 5872: killed by a snake, while frozen by a floating eye's gaze Vanquished creatures: a giant mimic a large mimic 4 small mimics an ogre leader a dwarf ruler a red naga a leather golem 3 giant beetles a spotted jelly a leprechaun a mumak a brown pudding a gold golem a jaguar 2 white unicorns a snake a Woodland-elf a quasit a wood nymph 2 water nymphs a mountain nymph a rock piercer a rock mole a pony a fog cloud 8 gnome leaders 4 gnomish wizards 2 gray oozes a giant ant 3 floating eyes 12 dwarves a kobold shaman 3 rothes a giant bat 4 iguanas 2 acid blobs 2 coyotes a gas spore 4 hobbits 3 manes 2 large kobolds a giant rat a brown mold a green mold a red mold 29 gnomes 2 garter snakes 2 geckos 7 jackals 5 goblins a sewer rat 3 bats 5 lichens 4 newts 147 creatures vanquished. No species were genocided or became extinct. Voluntary challenges: You read items or engraved 1 time. You never engraved Elbereth. You never genocided any monsters. You never polymorphed an object. You never changed form. You used no wishes. You did not violate any of the special Sokoban rules. Achievements: You attained the rank of Pillager. You entered a shop. You entered the Gnomish Mines. You attained the rank of Bandit. You entered Minetown. You entered a temple. You entered Sokoban. The Dungeons of Doom: levels 1 to 7 Level 1: A fountain. Level 2: An armor shop, a grave. Level 3: "lots of goodies" A shop, a fountain. Stairs down to The Gnomish Mines. Level 4: "shop with magical helmet" An armor shop, a grave. Level 5: Many fountains. Oracle of Delphi. Level 6: An armor shop. Stairs up to Sokoban, level 5. Level 7: A delicatessen, a sink. The Gnomish Mines: levels 4 to 7 Level 4: Level 5: Level 6: Level 7: Many shops, a temple to Set, many fountains. Sokoban: levels 5 up to 2 Level 2: <- You were here. Solved. Final resting place for you, killed by a snake, while frozen by a floating eye's gaze. Level 3: Solved. Level 4: Solved. Level 5: "stash 0" Solved. Game over: ---------- / \ / REST \ / IN \ / PEACE \ / \ | torpedovariant | | 1089 Au | | killed by a | | snake | | | | | | 2022 | *| * * * | * _________)/\\_//(\/(/\)/\//\/|_)_______ Goodbye torpedovariant the Barbarian... You died in Sokoban on dungeon level 2 with 9335 points, and 1089 pieces of gold, after 5872 moves. You were level 8 with a maximum of 76 hit points when you died.